[Event "*** Titled Tuesday Blitz"]
[Site "Chess.com"]
[Date "2020.04.07"]
[Round "3"]
[White "Kaliopa"]
[Black "Sajkochess"]
[Result "0-1"]
[WhiteElo "2109"]
[BlackElo "2355"]
[TimeControl "180+1"]
[EndTime "13:30:26 PDT"]
[Termination "Sajkochess won on time"]

1. d4 Nf6 2. c4 e6 3. Nc3 Bb4 4.
e3 O-O 5. Bd3 d5 6. cxd5 exd5 7.
Ne2 c6 8. O-O Bd6 9. Bd2 Re8 10. Rc1 Nbd7 11. Ng3 g6 12. f3 Nf8 13. Kh1 h5 14. f4 h4 15. Nge2 h3 16. Ng3 Bg4 17.
Be2 hxg2+ 18. Kxg2 Bxe2 19. Qxe2 N8h7 20. f5 Ng5 21.
fxg6 fxg6 22. Rg1 Bxg3 23. hxg3 Kg7 24. Rh1 Qd6 25. Rcf1 Nge4 26. Rf4 Rh8 27. Rxh8 Rxh8 28. Nxe4 Nxe4 29. Be1 Qe6 30. Qg4 Qxg4 31. Rxg4 g5 32. Kf3 Kg6 33. Rxe4 dxe4+ 34. Kxe4 Rh2 35. Bc3 g4 36. a3 Rf2 37. Be1 Rf3 38. Kd3 Kf5 39. Kd2 Ke4 0-1

[Event "*** Titled Tuesday Blitz"]
[Site "Chess.com"]
[Date "2020.04.07"]
[Round "3"]
[White "OparinGrigoriy"]
[Black "Nikolakis2014"]
[Result "1/2-1/2"]
[WhiteElo "2976"]
[BlackElo "2691"]
[TimeControl "180+1"]
[EndTime "13:30:27 PDT"]
[Termination "Game drawn by agreement"]

1. Nf3 Nf6 2. g3 d5 3. Bg2 c5 4.
O-O e6 5. d4 cxd4 6. Nxd4 e5 7.
Nf3 Nc6 8. c4 d4 9. e3 Be7 10. exd4 exd4 11. Bf4 O-O 12. Ne5 Bd7 13. Re1 Bb4 14. Nd2 Re8 15. a3 Bf8 16. Qb3 Nh5 17. Qxb7 Nxf4 18. Nxc6 Bxc6 19. Qxc6 Rxe1+ 20. Rxe1 Nxg2 21. Kxg2 Rc8 22. Qf3 a5 23. Re4 Qb6 24. Qb3 Qc6 25. f3 g6 26. Qd3 Bg7 27. b4 axb4 28. axb4 Qa4 29. b5 Qd1 30. Qe2 Qc2 31. b6 d3 32.
Qf2 Bc3 33. b7 Rb8 34. Qa7 Qxd2+ 35. Kh3 Be5 36. Rxe5 Qh6+ 37. Kg2 Qd2+ 38. Qf2 Qc3 39. Re7 d2 40. Rd7 Rxb7 41. Rxd2 Qxc4 42. h4 Kg7 43.
Rc2 Qe6 44. Qd4+ Qf6 45. Qd3 Re7 46. Ra2 h5 47. Qd2 Qe6 48. Qf2 Qf6 49. Rd2 Rc7 50. Qd4 Qxd4 51. Rxd4 Rc2+ 52. Kh3 Rf2 53. Rd3 1/2-1/2

[Event "*** Titled Tuesday Blitz"]
[Site "Chess.com"]
[Date "2020.04.07"]
[Round "3"]
[White "JustaTrickstar"]
[Black "Khamrakulov_Djurabek"]
[Result "1-0"]
[WhiteElo "2665"]
[BlackElo "2894"]
[TimeControl "180+1"]
[EndTime "13:30:28 PDT"]
[Termination "JustaTrickstar won by resignation"]

1. c4 e6 2. Nc3 d5 3. d4 Nf6 4.
cxd5 exd5 5. Bg5 Be7 6. e3 O-O 7. Bd3 b6 8. Nf3 Bb7 9. Bf4 c5 10. dxc5 bxc5 11. O-O Nbd7 12. h3 Nb6 13. Rc1 Rc8 14. Bf5 Ra8 15. Qe2 Bd6 16. Bxd6 Qxd6 17. Rfd1 Rfe8 18. Nb5 Qe7 19. b4 c4 20. Qb2 Bc6 21.
Nc3 Reb8 22. Nd4 Be8 23. Rb1 Na4 24. Nxa4 Bxa4 25. Bc2 Bxc2 26. Qxc2 Rb6 27. b5 Qc5 28. a4 a5 29. Nc6 Kf8 30. Qc3 h6 31. Rbc1 Rb7 32.
Qd4 Qxd4 33. Rxd4 Ke8 34. g4 Rd7 35. f3 Kf8 36. Kf2 g5 37. Kg3 Rd6 38. h4 Ne8 39.
hxg5 hxg5 40. Kf2 Nc7 41. Rcxc4 Ne6 42. Rd1 dxc4 43. Rxd6 Nc5 44. Rd4 c3 45. Rc4 Nd3+ 46. Ke2 Nc1+ 47. Kd1 Na2 48. Kc2 Nb4+ 49. Nxb4 axb4 50.
Rxb4 Ke7 51. Kxc3 Kd6 52. b6 Rc8+ 53. Kb3 Re8 54. b7 1-0

[Event "*** Titled Tuesday Blitz"]
[Site "Chess.com"]
[Date "2020.04.07"]
[Round "3"]
[White "Atakishiyev04"]
[Black "sandromareco"]
[Result "1/2-1/2"]
[WhiteElo "2654"]
[BlackElo "2902"]
[TimeControl "180+1"]
[EndTime "13:30:28 PDT"]
[Termination "Game drawn by repetition"]

1. d4 Nf6 2. c4 e6 3. g3 d5 4. Nf3 Bb4+ 5. Bd2 Be7 6. Bg2 O-O 7.
O-O Nbd7 8. Qc2 Ne4 9. Bf4 c6 10. Nfd2 Nd6 11. e4 dxe4 12. Bxd6 Bxd6 13. Nxe4 Be7 14.
Nbc3 b6 15. Rad1 Ba6 16. b3 Rc8 17. Rd2 Qc7 18. Rfd1 Rfd8 19. Qb2 Nf6 20. Nxf6+ Bxf6 21. Ne4 Be7 22. c5 Rd7 23. b4 Rcd8 24. a4 Bc4 25.
Qc3 Bd5 26. Qe3 a5 27. Qc3 axb4 28. Qxb4 bxc5 29. Nxc5 Bxg2 30. Kxg2 Rd5 31. a5 Qa7 32. Qc3 h5 33. Nb3 Qb7 34. Qc4 c5 35. Kg1 cxd4 36. Rxd4 Rc8 37. Qd3 Rxd4 38. Nxd4 Rd8 39. Qc2 h4 40. Ne2 Ra8 41. Qd2 Bb4 42. Qg5 Qf3 43. Rd8+ Rxd8 44. Qxd8+ Bf8 45. Nf4 e5 46. Qd3 Qa8 47.
Qd5 Qe8 48. Nd3 e4 49. Qe5 Qc6 50. Nf4 Bd6 51. Qg5 hxg3 52. hxg3 e3 53. Qd8+ Kh7 54. Qh4+ Kg8 55. Qd8+ Kh7 56. Qh4+ Kg8 57. Qd8+ 1/2-1/2

[Event "*** Titled Tuesday Blitz"]
[Site "Chess.com"]
[Date "2020.04.07"]
[Round "3"]
[White "SCIM"]
[Black "maciek_92"]
[Result "0-1"]
[WhiteElo "2478"]
[BlackElo "2707"]
[TimeControl "180+1"]
[EndTime "13:30:29 PDT"]
[Termination "maciek_92 won by resignation"]

1. d4 Nf6 2. c4 e6 3. g3 c5 4. d5 exd5 5. cxd5 g6 6. Nc3 d6 7. Nf3 Bg7 8. Bg2 O-O 9. O-O a6 10. a4 Re8 11. Re1 Qc7 12. h3 Nbd7 13. e4 Rb8 14.
Bf4 Nh5 15. Bd2 b5 16. axb5 axb5 17. Qc2 Ne5 18. Nxe5 Bxe5 19. Nd1 f5 20. exf5 Bxf5 21. Qc1 Nf6 22. Ne3 Be4 23. Ng4 Bxg2 24. Rxe5 Nxg4 25.
Rxe8+ Rxe8 26. Kxg2 Nf6 27. Bh6 Qb7 28. Kg1 Qxd5 29.
Ra7 Qe6 30. Rg7+ Kh8 31. Rb7 Nd5 32. h4 b4 33. Kh2 Re7 34. Rb8+ Re8 35. Rb7 Nf6 36.
Bg7+ Kg8 37. Bxf6 Qxf6 38. Qc4+ Qe6 39. Qf4 Rf8 40. Qd2 Qf6 41. Qd5+ Kh8 42. f4 Qxb2+ 43. Kh3 Qf6 44. Rd7 Qf5+ 45. Qxf5 gxf5 46. Rxd6 Rb8 47.
Rd5 b3 48. Rd1 b2 49. g4 c4 50. g5 c3 51. h5 c2 52. Rd7 c1=Q 53. g6 Qh1+ 0-1

[Event "*** Titled Tuesday Blitz"]
[Site "Chess.com"]
[Date "2020.04.07"]
[Round "3"]
[White "XDPS"]
[Black "adiosabu"]
[Result "1-0"]
[WhiteElo "2708"]
[BlackElo "2503"]
[TimeControl "180+1"]
[EndTime "13:30:30 PDT"]
[Termination "XDPS won on time"]

1. d4 Nf6 2. Bf4 d6 3. Nc3 Bf5 4. f3 d5 5. e3 e6 6. Nb5 Na6 7. c3 Be7 8. a4 O-O 9. Bg3 h6 10. Bd3 Re8 11. Ne2 c6 12. Na3 Bd6 13. O-O Bxd3 14. Qxd3 e5 15. Nc2 Nc7 16. Kh1 Qe7 17.
Qf5 Rad8 18. Bh4 Qe6 19. Qd3 g5 20. Bg3 e4 21. Qd1 exf3 22. gxf3 Qh3 23. Ng1 Qh5 24. Kg2 Ne6 25. Ne2 Ng7 26. Bxd6 Rxd6 27. Ng3 Qg6 28. Qd2 Rde6 29. Rae1 h5 30. Nb4 h4 31.
Nh1 g4 32. f4 Nf5 33. Nc2 h3+ 34. Kg1 Nh4 35. Ng3 Ne4 36. Qd1 f5 37. Kh1 Nxg3+ 38. hxg3 Nf3 39. Rxf3 gxf3 40. Qxf3 Qg4 41. Qf2 Rg6 42.
Kh2 Re7 43. Nb4 Reg7 44. Rg1 Re6 45. Nd3 Qh5 46. Ne5 1-0

[Event "*** Titled Tuesday Blitz"]
[Site "Chess.com"]
[Date "2020.04.07"]
[Round "3"]
[White "abhidabhi"]
[Black "Slovak_fighter2000"]
[Result "0-1"]
[WhiteElo "2739"]
[BlackElo "2482"]
[TimeControl "180+1"]
[EndTime "13:30:30 PDT"]
[Termination "Slovak_fighter2000 won by resignation"]

1. Nf3 d5 2. g3 c6 3. Bg2 Nf6 4. O-O Bf5 5. c4 e6 6. cxd5 exd5 7. d3 Be7 8. Nc3 O-O 9. Qb3 Qb6 10. Qc2 h6 11. e4 dxe4 12. dxe4 Bh7 13. Be3 Qa6 14. h3 Nbd7 15. Rfe1 Nc5 16. Nh4 Qd3 17. Qxd3 Nxd3 18. Re2 Rad8 19. Bxa7 Bb4 20. a3 Bc5 21. Bxc5 Nxc5 22. b4 Ne6 23. e5 Nd7 24. f4 Nb6 25. f5 Nd4 26. Rf2 Rfe8 27. Re1 Ra8 28. Rf4 Nc2 29. Re2 Nxa3 30. Nf3 Nac4 31. e6 fxe6 32. fxe6 Ra3 33. Nd1 Bd3 34. Re1 Nd6 35. Rd4 Nb5 36.
Rf4 Nd5 37. Rg4 Bf5 38. Rh4 Rxe6 39. Rxe6 Bxe6 40. Nf2 Bf7 41. Ne5 Rb3 42. Kh2 Be6 43. Nfd3 Rc3 44. Nc5 Bc8 45. Bxd5+ cxd5 46. Rf4 Rc2+ 47.
Kg1 Bxh3 48. g4 Nc3 49. Ne6 Ne2+ 50. Kh1 Nxf4 51. Nxf4 Bf1 52. Nxd5 0-1

[Event "*** Titled Tuesday Blitz"]
[Site "Chess.com"]
[Date "2020.04.07"]
[Round "3"]
[White "ElHelvetico"]
[Black "StockholmMissile"]
[Result "1-0"]
[WhiteElo "2613"]
[BlackElo "2386"]
[TimeControl "180+1"]
[EndTime "13:30:30 PDT"]
[Termination "ElHelvetico won on time"]

1. d4 d5 2. c4 c6 3. Nf3 Nf6 4. Nc3 e6 5. g3 dxc4 6. Bg2 b5 7. Ne5 a6 8. b3 cxb3 9. Qxb3 Bb7 10. e3 Nbd7 11.
f4 Nxe5 12. fxe5 Nd5 13. Ne4 Be7 14. O-O O-O 15. a4 Qc7 16. Bd2 c5 17. Nxc5 Bxc5 18.
Rfc1 bxa4 19. Rxa4 Qb6 20. Qa2 Be7 21. Rb1 Qa7 22. e4 Nc7 23. Be3 Bc6 24. Rc4 Bb5 25. Rc3 Qb8 26. d5 Bd8 27. d6 Ne8 28. Bf1 Bb6 29. Qf2 Bxe3 30. Qxe3 Qa7 31. Qxa7 Rxa7 32. Bxb5 axb5 33. Rc8 f6 34. Rxb5 fxe5 35. Rbb8 Kf7 36.
Rd8 Kg6 37. Rxe8 Ra1+ 38. Kg2 Ra2+ 39. Kh3 Rff2 40. Rxe6+ Kf7 41. Re7+ Kg6 42. Re6+ Kf7 43. Rxe5 Rxh2+ 44. Kg4 Kg6 45. Re6+ Kf7 46. Re7+ Kg6 47.
Rbb7 h5+ 48. Kf4 Rhf2+ 49. Ke5 1-0

[Event "*** Titled Tuesday Blitz"]
[Site "Chess.com"]
[Date "2020.04.07"]
[Round "3"]
[White "1random"]
[Black "silverback96"]
[Result "0-1"]
[WhiteElo "2711"]
[BlackElo "2139"]
[TimeControl "180+1"]
[EndTime "13:30:31 PDT"]
[Termination "silverback96 won on time"]

1. d4 Nf6 2. c4 c5 3. d5 e6 4.
Nc3 exd5 5. cxd5 d6 6. Nf3 g6 7. Bf4 Bg7 8. Qa4+ Bd7 9. Qb3 b5 10. Bxd6 Qb6 11. Be5 O-O 12. e3 c4 13. Qd1 b4 14.
Nb1 Rc8 15. Be2 Qa5 16. Qd4 Qb6 17. O-O Qxd4 18. Nxd4 Nxd5 19. Bxg7 Kxg7 20. Rc1 Nc6 21. Nxc6 Rxc6 22. Rxc4 Rac8 23. Nd2 Nb6 24. Rxc6 Rxc6 25. Bd1 Be6 26. Nf3 a5 27. Nd4 Rc8 28. Kf1 Nc4 29.
b3 Nd2+ 30. Ke1 Ne4 31. Bf3 Nd6 32. a3 Nf5 33. Nxe6+ fxe6 34. axb4 axb4 35. Ra4 Rc2 36. Rxb4 Kf6 37. Rb7 h5 38. Be4 Nd6 39. Bxc2 Nxb7 40.
Kd2 g5 41. Kc3 Ke5 42. b4 Kd6 0-1

[Event "*** Titled Tuesday Blitz"]
[Site "Chess.com"]
[Date "2020.04.07"]
[Round "3"]
[White "SARGISMV"]
[Black "isla88"]
[Result "1/2-1/2"]
[WhiteElo "2509"]
[BlackElo "2277"]
[TimeControl "180+1"]
[EndTime "13:30:31 PDT"]
[Termination "Game drawn by repetition"]

1. d4 Nf6 2. Nf3 c5 3. c4 cxd4 4. Nxd4 d6 5. Nc3 g6 6. g3 Bg7 7. Bg2 O-O 8. O-O Nbd7 9. b3 Rb8 10. Bb2 a6 11. Rc1 Re8 12. h3 Nb6 13. e4 Bd7 14.
Kh2 e5 15. Nc2 Bc6 16. Ne3 Qe7 17. Ba3 Red8 18. Qe2 h6 19. Rfd1 Rd7 20. Rd2 Rbd8 21. Rcd1 Nc8 22. h4 b6 23. Bh3 Rb7 24. Ned5 Nxd5 25.
Nxd5 Bxd5 26. Rxd5 b5 27. c5 b4 28. Bb2 Rc7 29.
Qxa6 Ra7 30. cxd6 Qf6 31. Qxa7 Nxa7 32. Kg2 Nc6 33. d7 Bf8 34. R1d3 Nd4 35. Bxd4 exd4 36. e5 Qc6 37. Rxd4 Bc5 38. Rd2 Bb6 39. Kh2 Kg7 40. h5 gxh5 41. f4 h4 42. gxh4 Qc1 43.
Rg2+ Kh8 44. Rg4 Be3 45. f5 Bf4+ 46. Kg2 Qc2+ 47. Kf3 Bd2 48. Rgd4 Qd1+ 49. Kf2 Qe1+ 50. Kg2 Qe2+ 51. Kg3 Be1+ 52. Kf4 Qf2+ 53. Ke4 Qe2+ 54. Kf4 Qf2+ 55. Ke4 Qe2+ 56. Kf4 1/2-1/2

[Event "*** Titled Tuesday Blitz"]
[Site "Chess.com"]
[Date "2020.04.07"]
[Round "3"]
[White "MikeKorovin"]
[Black "SlavenPastar"]
[Result "1-0"]
[WhiteElo "2768"]
[BlackElo "2511"]
[TimeControl "180+1"]
[EndTime "13:30:32 PDT"]
[Termination "MikeKorovin won by resignation"]

1. Nf3 d5 2. b3 Nf6 3. Bb2 e6 4. g3 Be7 5. Bg2 O-O 6. O-O c6 7. d3 Nbd7 8. Nbd2 Re8 9. e4 h6 10. e5 Nh7 11. d4 c5 12. c4 dxc4 13.
Nxc4 Nb6 14. dxc5 Nxc4 15. bxc4 Bxc5 16. Qb3 Qb6 17. Rad1 Nf8 18. Nd4 Bd7 19. Bxb7 Rab8 20. Be4 Bxd4 21. Bxd4 Qxb3 22. axb3 Rxb3 23. Bxa7 Rc8 24.
c5 Bb5 25. Rb1 Bc4 26. Rxb3 Bxb3 27. c6 Bd5 28. Bxd5 exd5 29. Rc1 Ne6 30. f4 g6 31. Bb6 Kf8 32. Kf2 Ke8 33. Ke3 h5 34. h3 Ra8 35. Rc3 Rb8 36. c7 Rc8 37. Rc6 Kd7 38. Rd6+ Ke8 39. Rd8+ Nxd8 40. cxd8=Q+ Rxd8 41. Bxd8 Kxd8 42. Kd4 Kc8 43. Kxd5 Kd7 44. g4 hxg4 45. hxg4 Ke7 46. f5 gxf5 47. gxf5 Kd7 48. f6 Kd8 49.
Kd6 Ke8 50. Kc7 Kf8 51. Kd7 Kg8 52. Ke7 Kh8 53. Kxf7 Kh7 1-0

[Event "*** Titled Tuesday Blitz"]
[Site "Chess.com"]
[Date "2020.04.07"]
[Round "3"]
[White "pastouche06"]
[Black "rasmussvane"]
[Result "0-1"]
[WhiteElo "2481"]
[BlackElo "2863"]
[TimeControl "180+1"]
[EndTime "13:30:32 PDT"]
[Termination "rasmussvane won by resignation"]

1. d4 d5 2. c4 e6 3. Nc3 a6 4. cxd5 exd5 5. Bf4 Nf6 6. e3 Bd6 7. Bxd6 Qxd6 8. Bd3 O-O 9. Nge2 Re8 10. O-O Bg4 11. Qc2 Bh5 12. Nf4 Bg6 13. Bxg6 hxg6 14.
Qb3 g5 15. Nfxd5 Ng4 16. f4 Nc6 17. Qxb7 gxf4 18. Rxf4 Nxe3 19. Qxc7 Qe6 20. Re4 Nxd5 21. Rxe6 Nxc7 22. Rxc6 Ne6 23. d5 Nd4 24. Rc4 Nc2 25. Rc1 Ne3 26. Rd4 Rab8 27. b3 Rbc8 28. d6 Red8 29.
Re1 Rxc3 30. d7 f5 31. g4 Kf7 32. gxf5 Nxf5 33. Rf4 g6 34. Rd1 Rc7 35. Ra4 Rcxd7 36. Rxd7+ Rxd7 37. Rxa6 Rd2 38. a4 Nd4 39. Rb6 Nf3+ 40.
Kf1 Nxh2+ 41. Ke1 Nf3+ 42. Kf1 Nh2+ 43. Kg1 Nf3+ 44. Kf1 g5 45. a5 g4 46. Rb4 Nd4 47.
a6 g3 48. Rxd4 Rxd4 49. a7 Rd8 0-1

[Event "*** Titled Tuesday Blitz"]
[Site "Chess.com"]
[Date "2020.04.07"]
[Round "3"]
[White "Unknown_IM"]
[Black "Flawless_Fighter"]
[Result "0-1"]
[WhiteElo "2239"]
[BlackElo "2559"]
[TimeControl "180+1"]
[EndTime "13:30:33 PDT"]
[Termination "Flawless_Fighter won on time"]

1. Nf3 Nf6 2. c4 e6 3. Nc3 d5 4. d4 Bb4 5. Qa4+ Nc6 6. Bg5 O-O 7. cxd5 exd5 8. e3 h6 9. Bxf6 Qxf6 10. Bd3 Bd7 11. Qc2 Ne7 12. O-O a6 13. Ne5 Be6 14. f4 Bxc3 15. Qxc3 Bf5 16. Qxc7 Bxd3 17.
Nxd3 Nf5 18. Rfe1 Nd6 19. Qb6 Rfc8 20. Rac1 Qe6 21. Nc5 Qe7 22. Qb3 Nc4 23. e4 Qf6 24.
Rcd1 b6 25. Nd7 Qxf4 26. exd5 b5 27. Ne5 Rd8 28. Qf3 Qxf3 29. Nxf3 Nxb2 30. Rd2 Nc4 31. Rde2 Rxd5 32. Re8+ Rxe8 33. Rxe8+ Kh7 34. Re7 f6 35. Re6 Rd6 36. Re7 Nb6 37. Rb7 Nd5 38. Nh4 Re6 39. Nf5 Kg6 40. Nxg7 Re2 41. h4 Ne3 42. h5+ Kg5 43.
Ne6+ Kf5 44. Ng7+ Kg4 45. Ne6 Rxg2+ 46. Kh1 Rxa2 47. Rg7+ Kf5 48. Nc7 Ke4 49. d5 Nxd5 0-1

[Event "*** Titled Tuesday Blitz"]
[Site "Chess.com"]
[Date "2020.04.07"]
[Round "3"]
[White "Didici"]
[Black "Budisavljevic"]
[Result "0-1"]
[WhiteElo "2623"]
[BlackElo "2565"]
[TimeControl "180+1"]
[EndTime "13:30:34 PDT"]
[Termination "Budisavljevic won by resignation"]

1. e4 c5 2. Nc3 a6 3. Nf3 b5 4. g3 Bb7 5. d4 cxd4 6. Nxd4 e6 7. Bg2 Nf6 8. O-O b4 9. Nd5 exd5 10. exd5 Bc5 11.
Re1+ Kf8 12. Nf5 d6 13. Bf4 Bc8 14. Ne7 Bg4 15. Qd2 Ra7 16. Nc6 Nxc6 17. dxc6 h6 18. h3 Be6 19. Rad1 Ne8 20. c3 a5 21. Bd5 Bxd5 22.
Qxd5 Re7 23. Rxe7 Qxe7 24. cxb4 axb4 25. Kf1 g5 26. Bd2 Qf6 27. f4 Nc7 28. Qc4 gxf4 29. Bxf4 Rg8 30. Kg2 Ne6 31. Rf1 Qxb2+ 32. Kh1 Nxf4 33.
Qxf4 Qg7 34. c7 Ke7 35. Re1+ Kd7 36. Qf5+ Kxc7 37. Re7+ Kb6 38. Qe4 Qa1+ 39. Kg2 Qg1+ 40. Kf3 Rxg3+ 41. Ke2 Qf2+ 42. Kd1 Rg1+ 0-1

[Event "*** Titled Tuesday Blitz"]
[Site "Chess.com"]
[Date "2020.04.07"]
[Round "3"]
[White "adricalderon8"]
[Black "chiwii"]
[Result "0-1"]
[WhiteElo "2424"]
[BlackElo "2229"]
[TimeControl "180+1"]
[EndTime "13:30:34 PDT"]
[Termination "chiwii won by resignation"]

1. e4 c5 2. Nf3 e6 3. d4 cxd4 4. Nxd4 a6 5. Bd3 Bc5 6. Nb3 Ba7 7. Qg4 Nf6 8. Qxg7 Rg8 9. Qh6 Rxg2 10. Be3 Bxe3 11. Qxe3 Nc6 12. Nc3 Ne5 13. h3 d6 14.
O-O-O Bd7 15. f4 Nxd3+ 16. Rxd3 Qc7 17. Rhd1 Bb5 18. Rxd6 Nd7 19. Qf3 Rh2 20. Qg3 Rh1 21. Nxb5 Rxd1+ 22. Rxd1 axb5 23. Kb1 Rc8 24. Qf2 Nf6 25. Re1 Qc4 26. Nd4 Rd8 27. c3 Qd3+ 28. Qc2 Qxh3 29. Nxb5 Qg3 30. Rf1 Ng4 31. Nd4 Ne3 32.
Qa4+ Kf8 33. Qb4+ Kg8 34. Rc1 Qxf4 35. Rg1+ Ng4 36. Qe7 Qxe4+ 37. Ka1 Rd5 38. Qe8+ Kg7 39. Qe7 h5 40. Qh4 Qe3 41. Re1 Qg5 42. Qg3 Nf6 43.
Qf2 Ng4 44. Qc2 Nf6 45. a4 Qg3 46. Ne2 Qxe1+ 47. Ka2 Rd2 0-1

[Event "*** Titled Tuesday Blitz"]
[Site "Chess.com"]
[Date "2020.04.07"]
[Round "3"]
[White "MiroMiljkovic"]
[Black "severomorskij"]
[Result "0-1"]
[WhiteElo "2598"]
[BlackElo "2840"]
[TimeControl "180+1"]
[EndTime "13:30:35 PDT"]
[Termination "severomorskij won on time"]

1. d4 Nf6 2. Nf3 e6 3. h3 d5 4. Bg5 c5 5. c3 Qb6 6. Qb3 Ne4 7.
Be3 Nc6 8. dxc5 Bxc5 9. Qxb6 axb6 10. Bxc5 bxc5 11. Nbd2 f5 12. e3 c4 13. Nd4 e5 14.
Nc2 Be6 15. f3 Ng3 16. Rg1 h5 17. Kf2 h4 18. Be2 g5 19. Nf1 f4 20. Nxg3 hxg3+ 21. Ke1 Bf5 22. Kd2 Bxc2 23. Kxc2 fxe3 24. Rad1 O-O-O 25. Rge1 b5 26. a4 d4 27. axb5 d3+ 28. Bxd3 cxd3+ 29. Rxd3 Ne7 30. Rdxe3 Ng6 31. Re4 Kc7 32.
Rg4 Rh5 33. Ra1 Nf4 34. Rxg3 Kb6 35. Ra4 Kxb5 36. Re4 Re8 37. Rg4 Kc6 38. b4 Kd6 39.
Kb3 Nd5 40. Rc4 Ne3 41. Rce4 Nxg4 42. hxg4 Rh2 43. Re2 e4 44. c4 exf3 45. Rxe8 fxg2 46. c5+ Kd7 47. Re1 Rh1 0-1

[Event "*** Titled Tuesday Blitz"]
[Site "Chess.com"]
[Date "2020.04.07"]
[Round "3"]
[White "Witik"]
[Black "mamonika"]
[Result "0-1"]
[WhiteElo "2711"]
[BlackElo "1929"]
[TimeControl "180+1"]
[EndTime "13:30:35 PDT"]
[Termination "mamonika won on time"]

1. d4 Nf6 2. c4 e6 3. Nf3 c5 4. d5 b5 5. Bg5 exd5 6. cxd5 h6 7.
Bxf6 Qxf6 8. Qc2 Be7 9. e4 d6 10. Bxb5+ Nd7 11. Nc3 O-O 12. O-O a6 13. Be2 Qg6 14.
Rfe1 Bf6 15. Bf1 Rb8 16. Rab1 Ne5 17. Nxe5 Bxe5 18. Re3 f5 19. exf5 Bxf5 20. Bd3 Bd4 21. Bxf5 Qxf5 22. Qxf5 Rxf5 23. Rd3 Bxf2+ 24. Kh1 Bd4 25.
g3 Rf2 26. Ne4 Rbxb2 27. Rxb2 Rxb2 28. Nxd6 Rxa2 29. Nf5 Bf6 30. d6 c4 31. Re3 c3 32. d7 Rd2 33. Re8+ Kf7 34. Rc8 Rxd7 35. Ne3 Rd2 36. Rc7+ Kg6 37. h4 a5 38. g4 Be5 39. Rc6+ Kf7 40. Kg1 a4 41. Kf1 a3 42.
Ra6 a2 43. Nc4 Rb2 44. Nxb2 cxb2 45. Ra7+ Ke6 0-1

[Event "*** Titled Tuesday Blitz"]
[Site "Chess.com"]
[Date "2020.04.07"]
[Round "3"]
[White "Opening_Prep"]
[Black "Caracternin123"]
[Result "0-1"]
[WhiteElo "2278"]
[BlackElo "2553"]
[TimeControl "180+1"]
[EndTime "13:30:35 PDT"]
[Termination "Caracternin123 won by resignation"]

1. d4 Nf6 2. c4 c5 3. Nf3 cxd4 4. Nxd4 b6 5. f3 Bb7 6. e4 d6 7. Nc3 e6 8. Be2 Be7 9. O-O Nbd7 10. Be3 O-O 11. Qd2 a6 12. Rfd1 Qc7 13. Rac1 Rac8 14. Kh1 Rfe8 15. b3 Qb8 16. g4 h6 17. h4 d5 18. g5 hxg5 19. hxg5 Nh5 20. f4 Ng3+ 21.
Kg2 Nxe2 22. Ndxe2 Rcd8 23. Rh1 dxc4 24. Qe1 Nf8 25.
Qh4 f6 26. Kf2 fxg5 27. fxg5 Qe5 28. Nf4 Bc5 29. Qh8+ Kf7 30. Qh5+ g6 31. Nxg6 Nxg6 32. Qh7+ Qg7 33. Bxc5 bxc5 34. Ke2 Qxh7 35. Rxh7+ Kg8 36.
Rxb7 Nf4+ 37. Ke3 Rf8 38. bxc4 Rd3+ 39. Kf2 Nd5+ 40. Ke2 Rxc3 41. Rh1 Nf4+ 42. Kd2 Rd3+ 43. Kc2 Rh3 44. Rd1 Rh2+ 45. Kc3 Ne2+ 46. Kd3 Rd8+ 47. Kc2 Nd4+ 48. Kc1 Rf8 0-1

[Event "*** Titled Tuesday Blitz"]
[Site "Chess.com"]
[Date "2020.04.07"]
[Round "3"]
[White "eCztery"]
[Black "NMZanette"]
[Result "1-0"]
[WhiteElo "2375"]
[BlackElo "2162"]
[TimeControl "180+1"]
[EndTime "13:30:35 PDT"]
[Termination "eCztery won by resignation"]

1. e4 c5 2. Nf3 d6 3. d4 cxd4 4. Qxd4 Nf6 5. Bg5 Nc6 6. Bb5 Bd7 7. Bxc6 Bxc6 8. Nc3 Qa5 9. O-O-O h6 10. Bxf6 gxf6 11. Kb1 Rc8 12. h4 Rg8 13. g3 f5 14. Rhe1 Bg7 15. Qd3 Bxc3 16. Qxc3 Qxc3 17. bxc3 Bxe4 18. Re3 Bxf3 19. Rxf3 Rc5 20. Rd4 Kd7 21. Rdf4 e6 22. g4 Rxg4 23. Rxg4 fxg4 24. Rxf7+ Kc6 25. Rf6 Rh5 26.
Rxe6 Rxh4 27. Rg6 Rh1+ 28. Kb2 h5 29. c4 Rf1 30. Rg5 Rxf2 31. Rxh5 g3 32. Rg5 g2 33. Kb3 Kd7 34. a4 Ke6 35. Kc3 Kf6 36. Rg8 Kf5 37. Kd4 Kf4 38. Kd5 Rd2+ 39. Ke6 Kf3 40. c3 Kf2 41. Rf8+ Ke1 42. Rg8 Kf1 43. Rf8+ Rf2 44. Rg8 Rd2 45. Rf8+ Ke1 46. Rg8 Kd1 47. Kd7 Kc2 48.
Kc7 Kxc3 49. Kxb7 a5 50. Ka6 Kb4 51. Rg4 Kc5 52. Kxa5 Rb2 53. Ka6 Ra2 54. a5 Kb4 55.
Kb6 Rc2 56. a6 Ra2 57. a7 Kc3 1-0

[Event "*** Titled Tuesday Blitz"]
[Site "Chess.com"]
[Date "2020.04.07"]
[Round "3"]
[White "Tjktiger"]
[Black "Storne89"]
[Result "1-0"]
[WhiteElo "2853"]
[BlackElo "2611"]
[TimeControl "180+1"]
[EndTime "13:30:36 PDT"]
[Termination "Tjktiger won on time"]

1. c4 e5 2. Nc3 Nc6 3. Nf3 Nf6 4. e4 d6 5. h3 g6 6. d3 Bg7 7. g3 O-O 8. Bg2 Nd7 9. Bg5 f6 10. Be3 Nc5 11. d4 exd4 12. Nxd4 Nxd4 13. Bxd4 a5 14. O-O c6 15. Re1 Be6 16. b3 Qc7 17. Qd2 Rad8 18.
Rad1 f5 19. Bxg7 Qxg7 20. f4 fxe4 21. Nxe4 Nxe4 22. Rxe4 Bf5 23. Rd4 a4 24. g4 Bc8 25.
bxa4 h5 26. g5 Bf5 27. a5 Qc7 28. a6 bxa6 29. Rxd6 Qb6+ 30. Kh2 Rxd6 31. Qxd6 Qf2 32. Qd2 Qb6 33. Qd4 Qa5 34. Bxc6 Qxa2+ 35. Rd2 Qa3 36. Bg2 a5 37. c5 a4 38. c6 Qe7 39. Qxa4 h4 40.
Qc4+ Kh7 41. Qd4 Qa3 42. Qf2 Kg7 43. Qxh4 Rh8 44. Qg3 Qc1 45. Qe3 1-0

[Event "*** Titled Tuesday Blitz"]
[Site "Chess.com"]
[Date "2020.04.07"]
[Round "3"]
[White "chito89"]
[Black "riconaipe"]
[Result "1-0"]
[WhiteElo "2785"]
[BlackElo "2528"]
[TimeControl "180+1"]
[EndTime "13:30:36 PDT"]
[Termination "chito89 won by checkmate"]

1. d4 d5 2. c4 e6 3. Nf3 a6 4. Nbd2 Nf6 5. g3 Be7 6. Bg2 O-O 7. O-O b6 8. cxd5 exd5 9. Ne5 Bb7 10. Ndf3 Ne4 11.
b3 f6 12. Nd3 Nd7 13. Nf4 Re8 14. Bb2 Bd6 15. Rc1 Bxf4 16. gxf4 Rc8 17. e3 Qe7 18. Rc2 Qf7 19. Nd2 Nd6 20. Bh3 c5 21. Qg4 f5 22. Qf3 Ne4 23. Nxe4 Rxe4 24. Bg2 Re6 25. Rd1 Ba8 26. Kh1 Rg6 27. Rg1 c4 28. Ba3 b5 29.
Rcc1 Nf6 30. Bd6 Ne4 31. Be5 h6 32. Qe2 Kh7 33. Bxe4 dxe4 34. Rxg6 Qxg6 35. Rg1 Rc6 36. Rxg6 Rxg6 37. d5 Bxd5 38. h3 cxb3 39. axb3 Bxb3 40. Qh5 Be6 41. Qd1 Bc4 42. Qd7 Be6 43. Qb7 h5 44. Kh2 h4 45. Qe7 a5 46. Qxh4+ Kg8 47. Qd8+ Kh7 48.
Qxa5 Bd7 49. Qd8 Be6 50. Qh4+ Kg8 51. Qe7 Kh7 52. Bxg7 Bc4 53. Bf6+ Kg8 54. Qe8+ Kh7 55. Qh8# 1-0

[Event "*** Titled Tuesday Blitz"]
[Site "Chess.com"]
[Date "2020.04.07"]
[Round "3"]
[White "letantha"]
[Black "ApacheSVD"]
[Result "1-0"]
[WhiteElo "2140"]
[BlackElo "2347"]
[TimeControl "180+1"]
[EndTime "13:30:36 PDT"]
[Termination "letantha won by checkmate"]

1. e4 c5 2. c3 d5 3. exd5 Qxd5 4. d4 Nf6 5. Nf3 e6 6. Na3 Qd8 7. Nc2 Nc6 8. Be2 Be7 9. O-O O-O 10. Be3 cxd4 11. Ncxd4 Nxd4 12. Bxd4 b6 13. Ne5 Bb7 14. Bf3 Bxf3 15. Qxf3 Qc7 16. Rfe1 Rad8 17. g3 Bc5 18. Bxc5 Qxc5 19. Re2 Rd5 20. Rae1 Rfd8 21. Kg2 a5 22. h3 a4 23. a3 h6 24. g4 Rd2 25. Qb7 Qd5+ 26. Qxd5 R8xd5 27. Nc4 Rxe2 28. Rxe2 b5 29. Ne5 Rd1 30. Nf3 Nd5 31. Rd2 Rxd2 32. Nxd2 Nf4+ 33. Kg3 Nd3 34. b3 axb3 35. Nxb3 Ne5 36.
Nd4 Nc4 37. Nxb5 f6 38. Kf4 e5+ 39. Ke4 Kf7 40. Kd5 Na5 41. Kc5 g6 42. Kb4 Nc6+ 43.
Kc5 Na5 44. Nd6+ Ke6 45. Nc4 Nb7+ 46. Kb6 Nd8 47. a4 f5 48. a5 fxg4 49. hxg4 h5 50. gxh5 gxh5 51. a6 Kd5 52. a7 Ne6 53. Ne3+ Ke4 54.
a8=Q+ Kd3 55. Qd5+ Nd4 56. cxd4 exd4 57. Qxh5 dxe3 58.
fxe3 Kxe3 59. Qd5 Kf2 60. Kc5 Kg1 61. Qd2 Kh1 62. Kd4 Kg1 63. Ke3 Kh1 64. Kf3 Kg1 65. Qg2# 1-0